 Dungeon Crawl Stone Soup version 0.28-a0-312-gbced6e68ee (webtiles) character file.

Game seed: 11015380986393206488

485 SolCadguy the Chopper (level 6, 0/47 HPs)
             Began as a Palentonga Gladiator on Aug 30, 2021.
             Succumbed to a killer bee's poison
             ... on level 4 of the Dungeon.
             The game lasted 00:11:23 (4529 turns).

SolCadguy the Chopper (Palentonga Gladiator)        Turns: 4529, Time: 00:11:24

Health: 0/47       AC:  9    Str: 20    XL:     6   Next: 88%
Magic:  6/6        EV:  8    Int:  8    God:
Gold:   150        SH:  0    Dex: 11    Spells: 4/5 levels left

rFire   . . .      SeeInvis +   l - +5 mace
rCold   . . .      Faith    .   (no shield)
rNeg    . . .      Spirit   .   j - +0 scale mail
rPois   .          Reflect  .   c - +0 helmet
rElec   .          Harm     .   o - +0 cloak {rCorr}
rCorr   +          Rampage  .   h - +0 pair of gloves
Will    .....                   (no barding)
Stlth   ..........              (no amulet)
HPRegen 0.15/turn               (no ring)
MPRegen 0.10/turn               (no ring)

@: lethally poisoned (0 -> -8), flying
A: large, rugged brown scales 3, see invisible, deformed body, roll 1, armoured
tail
a: Rolling Charge


You were on level 4 of the Dungeon.
You visited 1 branch of the dungeon, and saw 4 of its levels.

You collected 163 gold pieces.
You spent 13 gold pieces at shops.

Inventory:

Hand Weapons
 a - a +0 war axe
 e - a +1 dagger of holy wrath
 i - a +2 quarterstaff of chaos
 l - a +5 mace (weapon)
 n - a +2 hunting sling of freezing
Missiles
 d - 3 throwing nets (quivered)
 f - 38 sling bullets
Armour
 b - a +0 leather armour
 c - a +0 helmet (worn)
 h - a +0 pair of gloves (worn)
 j - a +0 scale mail (worn)
 o - a +0 cloak of preservation (worn)
Wands
 t - a wand of flame (14)
Scrolls
 m - a scroll of blinking
 p - a scroll of summoning {unknown}
 q - a scroll of amnesia
 v - a scroll of identify
 w - a scroll of vulnerability {unknown}
Potions
 g - 2 potions of attraction
 k - a potion of invisibility
 s - a potion of flight
 u - a potion of brilliance


   Skills:
 - Level 2.0 Fighting
 - Level 5.4(6.5) Axes
 + Level 5.4(6.5) Maces & Flails
 - Level 1.3 Throwing
 - Level 2.4 Dodging


You had 4 spell levels left.
You knew the following spells:

 Your Spells              Type           Power      Damage    Failure   Level
a - Beastly Appendage     Tmut           0%         N/A       78%         1

Your spell library contained the following spells:

 Spells                   Type           Power      Damage    Failure   Level
 Foxfire                  Conj/Fire      0%         2x1d4     78%         1
 Shock                    Conj/Air       0%         1d3       78%         1
 Wereblood                Tmut           0%         N/A       89%         2
 Conjure Flame            Conj/Fire      0%         6-21      98%         3
 Inner Flame              Hex/Fire       0%         N/A       98%         3
 Spider Form              Tmut/Pois      0%         N/A       98%         3
 Swiftness                Air            0%         N/A       98%         3
 Airstrike                Air            0%         N/A       100%        4


Dungeon Overview and Level Annotations

Branches:
Dungeon (4/15)
 Temple: D:4-7

Altars:

Shops:
D:1 [   D:3 *

Annotations:
D:3 1 runed translucent door, pigah's ghost, amateur OpWn
D:4 1 transporter


Innate Abilities, Weirdness & Mutations

You are completely covered in rugged brown scales. (AC +3, +7% HP)
You have supernaturally acute eyesight. (SInv)
Armour fits poorly on your strangely shaped body.
You can roll at nearby foes to attack.
You have a long armoured tail.


Message History

You closely miss the killer bee. The killer bee stings you.
The killer bee closely misses you.
You barely miss the killer bee.
The killer bee stings you but does no damage.
The killer bee stings you.
You hit the killer bee.
The killer bee is moderately wounded.
The killer bee stings you but does no damage.
The killer bee stings you.
You are poisoned.
The killer bee poisons you!
You thump the killer bee!
You kill the killer bee!
You feel sick. The killer bee stings you.
You closely miss the killer bee.
You feel sick. The killer bee stings you. x2
You are more poisoned.
The killer bee poisons you! The killer bee closely misses you.
You barely miss the killer bee.
Your tail-slap misses the killer bee.
You feel sick. The killer bee barely misses you. The killer bee stings you.
* * * LOW HITPOINT WARNING * * *
You are more poisoned.
The killer bee poisons you!
You hit the killer bee.
The killer bee is moderately wounded.
* * * LOW HITPOINT WARNING * * *
You feel very sick.
The killer bee stings you but does no damage.
The killer bee stings you.
* * * LOW HITPOINT WARNING * * *
It was a potion of flight.
You feel very buoyant.
You fly up into the air.
* * * LOW HITPOINT WARNING * * *
You feel sick.
The killer bee stings you but does no damage.
The killer bee stings you!
* * * LOW HITPOINT WARNING * * *
You sock the killer bee!
The killer bee is severely wounded.
You die... #y)o.yy# °#©#°.# #.####y# °☼○°○°# #......#.# ☼°☼☼°○

......#.(#o#
######
......#.##.#
#.©..#
..##..#
##.#####....#
.. ...#
#...y.)..# .
...#
#######y##
#...# #@#
######'####
#.........#
##.........#
#..........#
##.
#..........#
...
#..........#
...
#..........#
...
#.##########


You could see a killer bee.

Vanquished Creatures
  A black bear (D:3)
  A scorpion (D:4)
  2 killer bees (D:4)
  Crazy Yiuf (D:3)
  A hound (D:4)
  Natasha (thrice) (D:3)
  3 adders
  An ufetubus (D:4)
  3 dart slugs
  5 orcs
  2 ball pythons (D:4)
  5 bats
  7 endoplasms
  2 giant cockroaches
  6 goblins
  10 hobgoblins
  4 jackals (D:3)
  7 kobolds
  2 quokkas (D:3)
  3 frilled lizards
  8 rats
77 creatures vanquished.

Vanquished Creatures (others)
  3 fungi (D:3)
  3 plants (D:3)
6 creatures vanquished.

Grand Total: 83 creatures vanquished

Notes
Turn   | Place    | Note
-------+----------+-------------------------------------------
     0 | D:1      | SolCadguy the Palentonga Gladiator began the quest for the
                  | Orb.
     0 | D:1      | Reached XP level 1. HP: 17/17 MP: 1/1
   286 | D:1      | Reached XP level 2. HP: 21/23 MP: 2/2
   492 | D:1      | Found Yggaves's Antique Armour Shop.
  1264 | D:2      | Reached XP level 3. HP: 18/28 MP: 3/3
  1747 | D:2      | Reached skill level 1 in Maces & Flails
  1879 | D:2      | Learned a level 1 spell: Beastly Appendage
  2121 | D:3      | Found Detad's General Store.
  2135 | D:3      | Bought a potion of degeneration for 13 gold pieces
  2256 | D:3      | Reached XP level 4. HP: 33/35 MP: 4/4
  2298 | D:3      | Noticed Natasha
  2303 | D:3      | Killed Natasha
  2304 | D:3      | Reached skill level 5 in Axes
  2519 | D:3      | Found a faded altar of an unknown god.
  3077 | D:3      | Noticed Natasha
  3082 | D:3      | Killed Natasha
  3083 | D:3      | Reached XP level 5. HP: 26/40 MP: 5/5
  3239 | D:3      | Found a runed translucent door.
  3239 | D:3      | Noticed pigah's ghost (amateur OpWn)
  3256 | D:3      | Found a runed translucent door.
  3257 | D:3      | Noticed Crazy Yiuf
  3441 | D:3      | Noticed Natasha
  3447 | D:3      | Killed Natasha
  3711 | D:3      | Killed Crazy Yiuf
  4029 | D:4      | Noticed a phantom
  4196 | D:4      | Noticed a black bear
  4235 | D:3      | Killed a black bear
  4236 | D:3      | Reached XP level 6. HP: 33/47 MP: 6/6
  4421 | D:4      | Found a transporter.
  4520 | D:4      | Reached skill level 5 in Maces & Flails
  4528 | D:4      | HP: 2/47 [killer bee (7)]
  4529 | D:4      | Succumbed to a killer bee's poison

Illustrated notes

Levels and vault maps discovered:
D:1:      erik_arrival_cave_to_civilisation [erik_arrival_cave_to_hall],
          layout_basic, serial_shops, shop_coins,
          corexii_item_surrounded_by_moat, st_stairs_9
D:2:      cheibrodos_helix_gallery, layout_loops_cross
D:3:      layout_basic, serial_shops, shop, dreamdust_ecumenical_altar_grove,
          gammafunk_ghost_grave, serial_co_window_serial, co_window_corner_a,
          co_window_corner_a, co_window_cross_1, co_window_corner_a,
          co_window_of_opportunity_a, co_window_paths_c, co_window_broadway_b,
          co_window_corner_cb, glass_columns_b, glass_columns_a,
          glass_columns_a, uniq_natasha, uniq_crazy_yiuf_cottage
D:4:      gammafunk_cloud_chamber, layout_basic, uniq_grinder

Skill      XL: |  1  2  3  4  5  6 |
---------------+-------------------+-----
Axes           | 4 5 |  5.4
Maces & Flails | 1 4 5 |  5.4
Fighting       | |  2.0
Throwing       | |  1.3
Dodging        | |  2.4

Action                   |  1- 3 |  4- 6 || total
-------------------------+-------+-------++-------
Melee: War axe           |    64 |       ||    64
       Dagger            |     3 |       ||     3
       Tailslap          |     8 |     5 ||    13
       Mace              |    40 |    82 ||   122
       Quarterstaff      |       |     8 ||     8
 Fire: Hunting sling     |       |     6 ||     6
 Abil: Rolling Charge    |    33 |    14 ||    47
Evoke: Wand              |       |     1 ||     1
  Use: Scroll            |     4 |     3 ||     7
       Potion            |       |     3 ||     3
Armor: Leather armour    |    20 |       ||    20
       Scale mail        |    17 |    49 ||    66
Dodge: Dodged            |    42 |    44 ||    86

Table legend: (Time is in decaauts)
 A = Elapsed time spent in this place.
 B = Non-inter-level travel time spent in this place.
 C = Inter-level travel time spent in this place.
 D = Time resting spent in this place.
 E = Time spent auto-exploring this place.
 F = Levels seen in this place.
 G = Mean time per level.
                   A        B        C        D        E       F      G
               +--------+--------+--------+--------+--------+-----+--------+
         Total |   4585 |   4299 |    286 |    956 |   2699 |   4 | 1146.2 |
       Dungeon |   4585 |   4299 |    286 |    956 |   2699 |   4 | 1146.2 |
               +--------+--------+--------+--------+--------+-----+--------+

Top non-repeatable levels by time:
     D:3: 2386 daAuts
     D:1: 1244 daAuts
     D:2: 670 daAuts
     D:4: 284 daAuts
